 Dungeon Crawl Stone Soup version 0.14-a0-882-gdff4d47 (webtiles) character file.

538 JacquesDerrida the Cleaver (level 6, -1/50 HPs)
             Began as a Hill Orc Gladiator on Nov 17, 2013.
             Killed from afar by a manticore (18 damage)
             ... with a volley of spikes
             ... on Level 4 of the Dungeon.
             The game lasted 00:07:13 (3006 turns).

JacquesDerrida the Cleaver (Hill Orc Gladiator)     Turns: 3006, Time: 00:07:13

HP  -1/50        AC 11     Str 18      XL: 6   Next: 84%
MP   5/5         EV 10     Int 10      God:
Gold 139         SH  0     Dex 11      Spells:  0 memorised,  5 levels left

Res.Fire  : . . .   See Invis. : +   a - +0 orc hand axe
Res.Cold  : . . .   Warding    : .   n - +0 ring mail (curse)
Life Prot.: + . .   Conserve   : .   (no shield)
Res.Poison: .       Res.Corr.  : .   c - +0 orc helmet (curse)
Res.Elec. : .       Clarity    : .   s - +2 cloak
Sust.Abil.: . .     Spirit.Shd : .   (no gloves)
Res.Mut.  : .       Stasis     : .   i - +1 pair of boots
Res.Rott. : .       Flight     : .   (no amulet)
Saprovore : + . .                    z - ring of see invisible {unknown}
                                     h - ring of positive energy {unknown}

@: slightly resistant to hostile enchantments, extremely unstealthy
A: saprovore 1
a: no special abilities


You were on level 4 of the Dungeon.
You were hungry.

You visited 1 branch of the dungeon, and saw 4 of its levels.
You also visited: Sewer.

You collected 139 gold pieces.

Inventory:

Hand weapons
 a - a +0,+0 orcish hand axe (weapon)
Missiles
 d - 3 throwing nets (quivered)
Armour
 c - a cursed +0 orcish helmet (worn)
 i - a +1 pair of boots (worn)
 n - a cursed +0 ring mail (worn)
 q - a +2 orcish scale mail
 s - a +2 cloak (worn)
Magical devices
 w - a wand of lightning (6)
Comestibles
 f - a meat ration
 g - a bread ration
 C - a rotting chunk of adder flesh
Scrolls
 b - 4 scrolls of teleportation
 e - a scroll of recharging {unknown}
 j - a scroll of enchant weapon II {unknown}
 l - 2 scrolls of remove curse {unknown}
 t - 3 scrolls of fog {unknown}
 u - a scroll of amnesia {unknown}
 v - a scroll of enchant weapon I {unknown}
 y - a scroll of identify {unknown}
Jewellery
 h - a ring of positive energy (left hand) {unknown}
 z - a ring of see invisible (right hand) {unknown}
Potions
 k - a potion of heal wounds
 m - a potion of beneficial mutation {unknown}
 o - a potion of curing
 p - a potion of brilliance
 r - a potion of paralysis {unknown}
 x - a potion of invisibility {unknown}
 A - a potion of restore abilities {unknown}
 B - 3 potions of flight


   Skills:
 - Level 2.4 Fighting
 + Level 9.8 Axes
 - Level 2.0 Throwing
 - Level 2.4 Dodging


You had 5 spell levels left.
You didn't know any spells.

Dungeon Overview and Level Annotations

Branches:
Dungeon (4/16)
 Temple: D:4-7

Altars:
Elyvilon
Okawaru


Innate Abilities, Weirdness & Mutations

You can tolerate rotten meat.


Message History

The manticore is heavily wounded.
The manticore flicks its tail!
The volley of spikes hits you!
You hit the manticore.
The manticore is heavily wounded.
You barely miss the manticore.
The manticore is heavily wounded.
The manticore closely misses you. The manticore claws you.
The manticore closely misses you.
You hit the manticore.
The manticore is severely wounded.
The manticore bites you.
The manticore claws you but does no damage.
The manticore misses you.
You hit the manticore.
The manticore is severely wounded.
You are feeling hungry.
You hit the manticore.
The manticore is almost dead.
The manticore flicks its tail!
The volley of spikes hits you!
You die...

. . #.# .# #.# .#
#.# ## #.# .# #.....
#.######.#
#.....##+#.#....#.#
...........#.##.#.#
.####......#.##.#.##
................@..#
...........#.##.#H.#
..........##.##.#..#
....≈≈≈...##.##.#..#
...≈≈≈≈≈..##.##.#..#
...≈≈.≈≈..##.##.#..#
...≈≈≈≈≈.....#....>#
....≈≈≈...#..####..#
#...........## .


You could see a manticore.

Vanquished Creatures
  The ghost of Numot the Covered, an average DjFi (Sewer)
  A siren (Sewer)
  A mermaid (Sewer)
  A mummy (D:4)
  6 adders
  3 green rats
  4 giant mites
  A worm (D:4)
  7 grey rats
  2 giant geckos (Sewer)
  2 oozes
  4 ball pythons
  5 giant cockroaches
  8 goblins
  5 hobgoblins
  5 bats
  8 giant newts
  6 kobolds
  A quokka (D:2)
  19 rats
90 creatures vanquished.

Notes
Turn   | Place    | Note
--------------------------------------------------------------
     0 | D:1      | JacquesDerrida, the Hill Orc Gladiator, began the quest for the Orb.
     0 | D:1      | Reached XP level 1. HP: 18/18 MP: 0/0
   127 | D:1      | Reached XP level 2. HP: 25/25 MP: 1/1
   260 | D:1      | Reached skill level 5 in Axes
   558 | D:1      | Reached XP level 3. HP: 30/30 MP: 2/2
  1348 | D:3      | Reached skill level 6 in Axes
  1398 | D:3      | Reached XP level 4. HP: 31/38 MP: 3/3
  1728 | D:3      | Found an iron altar of Okawaru.
  1729 | D:3      | Found a white marble altar of Elyvilon.
  2027 | D:4      | Found a glowing drain.
  2065 | D:4      | Reached skill level 7 in Axes
  2077 | D:4      | Reached XP level 5. HP: 19/44 MP: 4/4
  2173 | Sewer    | Entered a sewer
  2408 | Sewer    | Reached skill level 8 in Axes
  2630 | Sewer    | Reached XP level 6. HP: 31/50 MP: 5/5
  2771 | Sewer    | Noticed Numot's ghost (average DjFi)
  2802 | Sewer    | Reached skill level 9 in Axes
  2822 | Sewer    | Killed Numot's ghost
  2985 | D:4      | Noticed a manticore
  3006 | D:4      | Killed from afar by a manticore

Action                   |  1- 3 |  4- 6 || total
-------------------------+-------+-------++-------
Melee: Hand axe          |   123 |   241 ||   364
Evoke: Wand              |       |     1 ||     1
  Use: Potion            |       |     5 ||     5
